 Dungeon Crawl Stone Soup version 0.29-a0-330-g52719c12eb (webtiles) character file.

Game seed: 8097882281067335872

381 kae the Changer (level 6, -1/50 HPs)
             Began as a Demigod Transmuter on Apr 23, 2022.
             Succumbed to a scorpion's poison
             ... on level 4 of the Dungeon.
             The game lasted 00:02:51 (4639 turns).

kae the Changer (Demigod Transmuter)                Turns: 4639, Time: 00:02:52

Health: -1/50      AC:  4    Str: 11    XL:     6   Next: 22%
Magic:  13/13      EV: 12    Int: 23    God:
Gold:   140        SH:  0    Dex: 19    Spells: 0/10 levels left

rFire   . . .      SeeInvis .   f - +11 morningstar of the Kissing Stork {vamp, Dex+5}
rCold   . . .      Faith    .   (no shield)
rNeg    . . .      Spirit   .   a - +0 robe
rPois   .          Reflect  .   (helmet currently unavailable)
rElec   .          Harm     .   (no cloak)
rCorr   +          Rampage  .   r - +1 pair of gloves
Will    .....                   (boots currently unavailable)
Stlth   ++........              (no amulet)
HPRegen 0.16/turn               h - ring of resist corrosion
MPRegen 0.13/turn               (no ring)

@: lethally poisoned (-1 -> -15), appendages
A: horns 2, talons 2, high MP 1, forlorn, divine attributes
a: End Transformation


You were on level 4 of the Dungeon.
You had temporarily grown beastly horns and talons.
You visited 1 branch of the dungeon, and saw 4 of its levels.

You collected 140 gold pieces.

Inventory:

Hand Weapons
 f - the +11 morningstar of the Kissing Stork (weapon) {vamp, Dex+5}
   (You found it on level 4 of the Dungeon)

   It occasionally heals its wielder for a portion of the damage dealt when it
   wounds a living foe.
   Dex:       It affects your dexterity (+5).
Armour
 a - a +0 robe (worn)
 r - a +1 pair of gloves (worn)
Jewellery
 h - a ring of resist corrosion (left hand)
Wands
 n - a wand of flame (13)
Scrolls
 b - a scroll of enchant armour {unknown}
 d - a scroll of fear {unknown}
 l - a scroll of holy word
 p - a scroll of magic mapping
Potions
 c - a potion of attraction
 e - 2 potions of degeneration
 i - a potion of mutation
 j - 2 potions of curing
 k - 2 potions of resistance
 m - a potion of haste
 o - a potion of lignification
 q - 2 potions of berserk rage {unknown}


   Skills:
 - Level 2.4 Fighting
 - Level 1.7 Dodging
 - Level 3.6 Unarmed Combat
 - Level 2.9 Spellcasting
 - Level 4.0 Transmutations
 + Level 1.5 Ice Magic
 - Level 0.8 Poison Magic


You couldn't memorise any spells.
You knew the following spells:

 Your Spells              Type           Power      Damage    Failure   Level
a - Beastly Appendage     Tmut           42%        N/A       2%          1
b - Wereblood             Tmut           21%        N/A       3%          2
c - Spider Form           Tmut/Pois      14%        N/A       13%         3
d - Ice Form              Ice/Tmut       16%        N/A       36%         4

Your spell library contained the following spells:

 Spells                   Type           Power      Damage    Failure   Level
 Animate Skeleton         Necr           6%         N/A       12%         1
 Apportation              Tloc           6%         N/A       12%         1
 Pain                     Necr           12%        1d4       12%         1
 Shock                    Conj/Air       12%        1d3       12%         1
 Summon Small Mammal      Summ           12%        N/A       12%         1
 Call Canine Familiar     Summ           3%         N/A       34%         3
 Summon Guardian Golem    Hex/Summ       3%         N/A       34%         3
 Swiftness                Air            3%         N/A       34%         3
 Vampiric Draining        Necr           3%         2d6       34%         3
 Airstrike                Air            1%         N/A       75%         4
 Alistair's Intoxication  Tmut/Pois      9%         N/A       75%         5


Dungeon Overview and Level Annotations

Branches:
Dungeon (4/15)
 Temple: D:4-7

Annotations:
D:4 Duvessa


Innate Abilities, Weirdness & Mutations

You have temporarily grown beastly horns and talons.
You have an increased reservoir of magic. (+10% MP)
You shall have no god before yourself.
Your divine heritage dramatically boosts your attributes as you level up.


Message History

Duvessa says, "I don't care about looks, I care about technique!"
Duvessa hits you with a +0 short sword!
There are monsters nearby!
There are monsters nearby!
Casting: Beastly Appendage (safe; 2% risk of failure)
Confirm with . or Enter, or press ? or * to list all spells.
You grow a pair of large bovine horns.
Your feet morph into talons.
The scorpion stings you.
Dowan says, "Magic and the sword, together, will defeat you."
Duvessa closely misses you. The scorpion misses you.
Duvessa hits you with a +0 short sword. Dowan completely misses you.
The scorpion stings you.
You impale Dowan!!
You feel better.
You kill Dowan!
Duvessa screams in rage.
Duvessa goes berserk!
Duvessa closely misses you. The scorpion stings you. Duvessa barely misses you.
Your Ice Magic skill increases to level 1!
You puncture Duvessa!
You feel better.
You claw Duvessa, but do no damage. You headbutt Duvessa, but do no damage.
Duvessa is lightly wounded.
Duvessa hits you with a +0 short sword!
The scorpion stings you but does no damage.
Duvessa closely misses you. The scorpion barely misses you.
Duvessa closely misses you.
There are monsters nearby!
You are too injured to fight recklessly!
You are too injured to fight recklessly!
You are too injured to fight recklessly!
You are too injured to fight recklessly!
You puncture Duvessa!
You feel better.
Duvessa is moderately wounded.
The scorpion closely misses you. Duvessa hits you with a +0 short sword!
The scorpion stings you.
You are poisoned.
The scorpion poisons you! Duvessa hits you with a +0 short sword!
* * * LOW HITPOINT WARNING * * *
You closely miss Duvessa. Your headbutt misses Duvessa.
Duvessa is moderately wounded.
You die...

.... ..# #######..#
#.#.#.# ......#..#
#.#.#.# #####.#<.#
#.#.#.# #.#..#
#.#.#.#
###.#..###.#.#.#
#.......##.#.#.#
#.#.#...##.#.#e#
#.#.#..<...#.#@#
#.#.#.#.[....)s# #
#.#.#.#.####.#.#
###.#(#.#.####.#.#
..................
......#............
...)#.#........#.#..
###.#..........#.#...
#
#.#†.........#.#....


You could see Duvessa (berserk) and a scorpion.

Vanquished Creatures
  Sigmund (D:1)
  Dowan (D:4)
  A hound (D:3)
  6 adders
  An ufetubus (D:4)
  3 worms (D:2)
  2 dart slugs (D:2)
  2 orcs
  6 bats
  4 endoplasms
  4 giant cockroaches
  6 goblins
  8 hobgoblins
  2 jackals (D:3)
  5 kobolds
  7 ball pythons
  4 frilled lizards
  4 rats
67 creatures vanquished.

Notes
Turn   | Place    | Note
-------+----------+-------------------------------------------
     0 | D:1      | kae the Demigod Transmuter began the quest for the Orb.
     0 | D:1      | Reached XP level 1. HP: 15/15 MP: 5/5
    31 | D:1      | Reached skill level 1 in Fighting
   138 | D:1      | Reached skill level 2 in Transmutations
   408 | D:1      | Reached XP level 2. HP: 20/23 MP: 5/7
  1332 | D:2      | Learned a level 2 spell: Wereblood
  1693 | D:2      | Noticed Sigmund
  1712 | D:1      | Killed Sigmund
  1713 | D:1      | Reached skill level 3 in Transmutations
  1713 | D:1      | Reached XP level 3. HP: 29/29 MP: 7/9
  1713 | D:1      | Reached XP level 4. HP: 36/36 MP: 7/10
  1713 | D:1      | Reached XP level 5. HP: 41/41 MP: 7/11
  1747 | D:1      | Learned a level 3 spell: Spider Form
  4373 | D:4      | Reached skill level 4 in Transmutations
  4373 | D:4      | Reached XP level 6. HP: 46/50 MP: 11/13
  4378 | D:4      | Learned a level 4 spell: Ice Form
  4487 | D:4      | Identified the +11 morningstar of the Kissing Stork {vamp,
                  | Dex+5}
  4629 | D:4      | Noticed Duvessa
  4629 | D:4      | Noticed Dowan
  4636 | D:4      | Killed Dowan
  4637 | D:4      | Reached skill level 1 in Ice Magic
  4639 | D:4      | Succumbed to a scorpion's poison

Illustrated notes

Levels and vault maps discovered:
D:1:      erik_arrival_cave_to_civilisation [erik_arrival_cave_to_hall],
          layout_basic
D:2:      layout_loops_ring, ebering_ecumenical_altar_abandoned,
          minmay_tetromino_t2, uniq_sigmund
D:3:      minmay_spotlight, layout_basic, mainiacjoe_overflow_boulevard,
          minmay_misc_feat_ornament
D:4:      layout_basic, okawaru_trees_2, hangedman_abyss_or_decor_stagger,
          uniq_duvessa

Skill      XL: |  1  2  3  4  5  6 |
---------------+-------------------+-----
Fighting       | 1 2 |  2.4
Transmutations | 2 3 4 |  4.0
Spellcasting   | 2 |  2.9
Unarmed Combat | 3 |  3.6
Ice Magic      | 1 |  1.5
Dodging        | |  1.7
Poison Magic   | |  0.8

Action                   |  1- 3 |  4- 6 || total
-------------------------+-------+-------++-------
Melee: Unarmed           |    68 |   140 ||   208
       Headbutt          |     7 |    15 ||    22
       Kick              |     5 |    26 ||    31
       Morningstar       |       |     8 ||     8
 Cast: Beastly Appendage |    13 |    31 ||    44
       Wereblood         |       |     2 ||     2
  Use: Potion            |     1 |       ||     1
       Scroll            |       |    11 ||    11
 Stab: Sleeping          |     1 |     1 ||     2
Armor: Robe              |    14 |    40 ||    54
       Skin              |    19 |       ||    19
Dodge: Dodged            |    55 |   109 ||   164

Table legend: (Time is in decaauts)
 A = Elapsed time spent in this place.
 B = Non-inter-level travel time spent in this place.
 C = Inter-level travel time spent in this place.
 D = Time resting spent in this place.
 E = Time spent auto-exploring this place.
 F = Levels seen in this place.
 G = Mean time per level.
                   A        B        C        D        E       F      G
               +--------+--------+--------+--------+--------+-----+--------+
         Total |   4627 |   4433 |    194 |    411 |   3415 |   4 | 1156.8 |
       Dungeon |   4627 |   4433 |    194 |    411 |   3415 |   4 | 1156.8 |
               +--------+--------+--------+--------+--------+-----+--------+

Top non-repeatable levels by time:
     D:3: 1496 daAuts
     D:1: 1369 daAuts
     D:2: 1210 daAuts
     D:4: 551 daAuts
